 Dungeon Crawl Stone Soup version 0.29.1-12-g30fa7ad0bf (webtiles) character file.

Game seed: 7185714233705971053

210 Toxa551 the Poker (level 5, -2/70 HPs)
             Began as a Minotaur Berserker on Jan 13, 2023.
             Was an Elder of Trog.
             Slain by a gnoll
             ... wielding a +0 spear
              (5 damage)
             ... on level 4 of the Dungeon.
             The game lasted 00:08:31 (3458 turns).

Toxa551 the Poker (Minotaur Berserker)              Turns: 3458, Time: 00:08:32

Health: -2/70      AC:  2    Str: 21 (23) XL:     5   Next: 57%
Magic:  4/4        EV: 12    Int:  3 (4)  God:    Trog [****..]
Gold:   111        SH:  0    Dex:  9 (10) Spells: 4/4 levels left

rFire   . . .      SeeInvis .   a - +1 spear
rCold   . . .      Faith    .   (no shield)
rNeg    . . .      Spirit   .   b - +0 animal skin
rPois   .          Reflect  .   (helmet restricted)
rElec   .          Harm     .   (no cloak)
rCorr   .          Rampage  .   (no gloves)
Will    ++...                   (no boots)
Stlth   ..........              (no amulet)
HPRegen 1.21/turn               (no ring)
MPRegen 0.09/turn               (no ring)

@: berserking (expiring), strong-willed, regenerating, very quick
A: horns 2, retaliatory headbutt
a: Renounce Religion, Berserk, Trog's Hand, Brothers in Arms


You were on level 4 of the Dungeon.
You worshipped Trog.
Trog was greatly pleased with you.
You visited 1 branch of the dungeon, and saw 4 of its levels.

You collected 111 gold pieces.

Inventory:

Hand Weapons
 a - a +1 spear (weapon)
Armour
 b - a +0 animal skin (worn)
Jewellery
 f - a ring of fire
Scrolls
 c - 2 scrolls of identify {unknown}
 d - 5 scrolls of teleportation
Potions
 e - a potion of flight {unknown}
 g - a potion of berserk rage {unknown}
 h - a potion of might {unknown}


   Skills:
 + Level 4.7 Fighting
 + Level 6.0 Polearms
 + Level 2.7 Armour
 + Level 2.9 Dodging
 + Level 1.6 Stealth


You had 4 spell levels left.
You didn't know any spells.
Your spell library was empty.

Dungeon Overview and Level Annotations

Branches:
Dungeon (4/15)
 Temple: D:4-7

Altars:
Ru

Shops:
D:3 [


Innate Abilities, Weirdness & Mutations

You have a pair of horns on your head.
You reflexively headbutt those who attack you in melee.


Message History

You closely miss the gnoll.
The gnoll is severely wounded.
You closely miss the gnoll.
The gnoll is severely wounded.
The ball python hisses angrily.
The gnoll closely misses you. You furiously retaliate!
You headbutt the gnoll!
You kill the gnoll!
Trog accepts your kill.
The gnoll hits you from afar with a +0 spear.
* * * LOW HITPOINT WARNING * * *
The gnoll closely misses you.
You feel your dexterity returning.
Your Polearms skill increases to level 6!
Your skin crawls.
You feel strong-willed.
The gnoll hits you from afar with a +0 spear.
* * * LOW HITPOINT WARNING * * *
The gnoll barely misses you.
A red film seems to cover your vision as you go berserk!
You feel yourself moving faster!
You feel mighty! The orc hits you with a +0 mace.
* * * LOW HITPOINT WARNING * * *
The gnoll hits you from afar with a +0 spear.
* * * LOW HITPOINT WARNING * * *
The gnoll hits you from afar with a +0 halberd.
* * * LOW HITPOINT WARNING * * *
You barely miss the orc. You headbutt the orc.
You kill the orc!
Trog accepts your kill. The gnoll misses you. The gnoll closely misses you.
Things that are here:
a +0 mace; a +0 flail You feel a strong urge to attack something.
The gnoll hits you with a +0 spear.
* * * LOW HITPOINT WARNING * * *
The gnoll barely misses you. The gnoll closely misses you.
You furiously retaliate!
You headbutt the gnoll, but do no damage.
The gnoll hits you with a +0 spear.
You die...

#......##..#
#......##.##
#......##.#
........#..#
#...##..##.########
#.#. [.###.##.....#
..##..####.##..!..#
..>.....##g....#
.....†.$.).@...#
#.#.....##g....#
####...S.....#
##.#..##### ...##.#
#..###.# ..! ... ..
###


You could see 2 gnolls and a ball python.

Vanquished Creatures
  A jelly (D:4)
  3 adders
  2 gnolls (D:4)
  3 worms (D:2)
  3 dart slugs
  14 orcs
  5 ball pythons
  8 bats
  12 endoplasms
  4 giant cockroaches
  A goblin (D:3)
  4 hobgoblins
  5 jackals
  4 quokkas
  4 frilled lizards
  8 kobolds
  26 rats
107 creatures vanquished.

Notes
Turn   | Place    | Note
-------+----------+-------------------------------------------
     0 | D:1      | Toxa551 the Minotaur Berserker began the quest for the Orb.
     0 | D:1      | Reached XP level 1. HP: 19/19 MP: 0/0
   205 | D:1      | Reached skill level 4 in Polearms
   207 | D:1      | Reached XP level 2. HP: 27/27 MP: 1/1
   457 | D:1      | Reached ** piety under Trog
   804 | D:1      | Reached XP level 3. HP: 33/33 MP: 2/2
   810 | D:1      | Found a faded altar of an unknown god.
  1562 | D:2      | Reached skill level 1 in Stealth
  1724 | D:2      | Reached skill level 5 in Polearms
  1724 | D:2      | Reached XP level 4. HP: 40/40 MP: 3/3
  1983 | D:3      | Reached *** piety under Trog
  2381 | D:3      | Found a sacrificial altar of Ru.
  2882 | D:3      | Found Anotten's Antique Armour Emporium.
  2976 | D:3      | Reached XP level 5. HP: 47/47 MP: 4/4
  3160 | D:3      | Reached **** piety under Trog
  3453 | D:4      | Reached skill level 6 in Polearms
  3454 | D:4      | HP: 3/70 [gnoll/+0 halberd (6)]
  3458 | D:4      | Slain by a gnoll

Illustrated notes

Levels and vault maps discovered:
D:1:      mainiacjoe_arrival_reflecting_pool, layout_loops_corners,
          shapermc_ecumenical_altar_flowoftime
D:2:      layout_basic
D:3:      layout_loops_ring, nicolae_ru_sacrificial_ziggurat, serial_shops,
          shop, minmay_rat_hole
D:4:      layout_rooms, tgw_fedhas, uniq_ijyb

Skill      XL: |  1  2  3  4  5 |
---------------+----------------+-----
Polearms       | 4 5 6 |  6.0
Fighting       | 4 |  4.7
Stealth        | 1 |  1.6
Armour         | |  2.7
Dodging        | |  2.9

Action                   |  1- 3 |  4- 6 || total
-------------------------+-------+-------++-------
Melee: Spear             |   106 |   158 ||   264
       Headbutt          |    10 |    22 ||    32
Invok: Berserk           |       |     1 ||     1
       Trog's Hand       |       |     1 ||     1
  Use: Scroll            |     5 |       ||     5
       Potion            |     1 |     4 ||     5
 Stab: Sleeping          |     4 |     6 ||    10
       Distracted        |     1 |       ||     1
Armor: Animal skin       |    10 |    11 ||    21
Dodge: Dodged            |    47 |    81 ||   128
